 Dungeon Crawl Stone Soup version 0.27.1-34-g3ba077fa99 (webtiles) character file.

Game seed: 13191751370069491522

254 Malroth the Stinger (level 6, 0/34 (41) HPs)
             Began as a Merfolk Venom Mage on Jan 25, 2022.
             Slain by a necrophage (5 damage)
             ... on level 3 of the Dungeon.
             The game lasted 00:51:19 (5400 turns).

Malroth the Stinger (Merfolk Venom Mage)            Turns: 5400, Time: 00:51:19

HP:   0/34 (41)     AC:  3    Str:  9    XL:     6   Next: 15%
MP:   9/10          EV: 12    Int: 16    God:
Gold: 101           SH:  5    Dex: 14    Spells: 5/11 levels left

rFire    . . .     SeeInvis .   b - +0 dagger (flame)
rCold    . . .     Faith    .   (no shield)
rNeg     . . .     Spirit   .   a - +0 robe
rPois    .         Reflect  +   (no helmet)
rElec    .         Harm     .   (no cloak)
rCorr    .         Rampage  .   (no gloves)
Will     .....                  p - +0 pair of boots
Stlth    ++........             d - amulet of reflection
HPRegen  0.11/turn              h - ring of wizardry
MPRegen  0.12/turn              (no ring)

@: heavily drained
A: (nimble swimmer 2), mertail
a: no special abilities


You were on level 3 of the Dungeon.
You visited 1 branch of the dungeon, and saw 4 of its levels.

You collected 101 gold pieces.

Inventory:

Hand Weapons
 b - a +0 dagger of flaming (weapon)
Armour
 a - a +0 robe (worn)
 p - a +0 pair of boots (worn)
Jewellery
 d - an amulet of reflection (around neck)
 f - a ring of ice
 h - a ring of wizardry (left hand)
Scrolls
 c - a scroll of enchant weapon {unknown}
 e - a scroll of immolation
 g - a scroll of vulnerability {unknown}
 k - a scroll of identify
 l - a scroll of fog {unknown}
 q - a scroll of summoning {unknown}
 r - a scroll of teleportation {unknown}
Potions
 i - a potion of attraction {unknown}
 j - a potion of degeneration {unknown}
 m - a potion of magic
 n - a potion of flight {unknown}
 o - a potion of lignification {unknown}


   Skills:
 - Level 2.6 Dodging
 - Level 2.1 Stealth
 + Level 3.1 Spellcasting
 + Level 1.2 Conjurations
 - Level 4.0 Transmutations
 - Level 2.0 Air Magic
 + Level 4.5 Poison Magic


You had 5 spell levels left.
You knew the following spells:

 Your Spells              Type           Power      Damage    Failure   Level
a - Sting                 Tmut/Pois      64%        1d6       1%          1
b - Poisonous Vapours     Pois/Air       24%        N/A       3%          2
c - Mephitic Cloud        Conj/Pois/Air  10%        N/A       8%          3

Your spell library contained the following spells:

 Spells                   Type           Power      Damage    Failure   Level
 Olgreb's Toxic Radiance  Pois           17%        N/A       12%         4


Dungeon Overview and Level Annotations

Branches:
Dungeon (4/15)
 Temple: D:4-7

Altars:

Annotations:
D:4 Duvessa


Innate Abilities, Weirdness & Mutations

((You are quick and stealthy near water. (Stealth+, EV+, Speed+++)))
Your lower body shifts to a powerful aquatic tail in water.


Message History

The necrophage hits you!
You closely miss the necrophage.
The necrophage is lightly damaged.
The necrophage closely misses you.
You hit the necrophage. You burn the necrophage.
The necrophage is moderately damaged.
The necrophage hits you but does no damage.
You hit the necrophage. You burn the necrophage.
The necrophage is heavily damaged.
The necrophage closely misses you.
You closely miss the necrophage.
The necrophage is heavily damaged.
The necrophage barely misses you.
You barely miss the necrophage.
The necrophage is heavily damaged.
You block the necrophage's attack.
You hit the necrophage but do no damage.
The necrophage is heavily damaged.
The necrophage hits you!
* * * LOW HITPOINT WARNING * * *
You feel drained.
* * * LOW HITPOINT WARNING * * *
You hit the necrophage. You burn the necrophage.
The necrophage is heavily damaged.
The necrophage closely misses you.
You hit the necrophage. You burn the necrophage.
The necrophage is severely damaged.
The necrophage closely misses you.
You hit the necrophage. You burn the necrophage.
The necrophage is severely damaged.
The necrophage hits you.
* * * LOW HITPOINT WARNING * * *
You hit the necrophage. You burn the necrophage.
The necrophage is almost destroyed.
The necrophage hits you.
* * * LOW HITPOINT WARNING * * *
You closely miss the necrophage.
The necrophage is almost destroyed.
The necrophage hits you.
You die...

#.##..#..## ##.# #.....#
#.##.##.#.## ##.## #.#.#.#
#.##.##.##.###.## #...#.#
#.......###.#..#####..##.#
####.####
##.#........##.#### #.#
######............).. #.#
#.......###...###.###
#####
#.####.#.#>..#.....###.###
....#
#.......#@n....#..##......
###.#
######.#.....###..##.#.###
#.# #.##.#.......##.#.###
#.# #......#####.........
#.# ###...## #.##.#.###
#.# #...# ##.#..#.###
###.# #...# #.........#
..#.# #...#####..#.##.#.#
#.#.##
#######...............#.#


You could see a necrophage.

Vanquished Creatures
  A centaur skeleton (D:4)
  An iguana (D:3)
  An orc wizard (D:3)
  6 gnolls
  An adder (D:3)
  6 worms
  A dart slug (D:2)
  7 orcs (D:3)
  5 bats
  6 endoplasms
  2 giant cockroaches
  5 goblins
  8 hobgoblins
  6 jackals
  4 quokkas
  8 ball pythons
  A frilled lizard (D:1)
  6 kobolds
  5 rats
80 creatures vanquished.

Notes
Turn   | Place    | Note
-------+----------+-------------------------------------------
     0 | D:1      | Malroth the Merfolk Venom Mage began the quest for the Orb.
     0 | D:1      | Reached XP level 1. HP: 13/13 MP: 3/3
   376 | D:1      | Reached XP level 2. HP: 19/19 MP: 3/5
   402 | D:1      | Learned a level 2 spell: Poisonous Vapours
  1190 | D:1      | Found a faded altar of an unknown god.
  1691 | D:2      | Reached XP level 3. HP: 24/24 MP: 2/6
  1732 | D:2      | Learned a level 3 spell: Mephitic Cloud
  2184 | D:2      | Reached skill level 1 in Air Magic
  2840 | D:2      | Reached XP level 4. HP: 24/30 MP: 0/7
  4128 | D:3      | Reached XP level 5. HP: 35/35 MP: 0/8
  4872 | D:4      | Noticed Duvessa
  4893 | D:4      | Reached skill level 1 in Conjurations
  5109 | D:4      | Noticed a necrophage
  5125 | D:4      | Reached XP level 6. HP: 40/41 MP: 1/10
  5400 | D:3      | Slain by a necrophage

Illustrated notes

Levels and vault maps discovered:
D:1:      giann_forest_graveyard, layout_loops_corners,
          chequers_ecumenical_altar_simple
D:2:      layout_basic, minmay_unequal
D:3:      layout_loops_cross
D:4:      layout_loops_ring, cheibriados_altar_2, zin_scriptorium,
          okawaru_metal_pillars_3, uniq_duvessa

Skill      XL: |  1  2  3  4  5 |
---------------+----------------+-----
Transmutations | 2 3 4 |  4.0
Air Magic      | 1 2 |  2.0
Poison Magic   | 4 |  4.5
Spellcasting   | 3 |  3.1
Conjurations   | 1 |  1.2
Dodging        | |  2.6
Stealth        | |  2.1

Action                   |  1- 3 |  4- 6 || total
-------------------------+-------+-------++-------
Melee: Dagger            |    15 |    38 ||    53
 Cast: Sting             |    57 |    74 ||   131
       Poisonous Vapours |    37 |    26 ||    63
       Mephitic Cloud    |       |     1 ||     1
  Use: Scroll            |       |     2 ||     2
Armor: Robe              |     3 |     6 ||     9
Dodge: Dodged            |    23 |    41 ||    64
Block: Other             |     7 |    15 ||    22
       Reflection        |     2 |       ||     2
